 Dungeon Sprint DCSS version 0.29-a0-320-g9f8742066b (webtiles) character file.

Game seed: 14625967844715269658

30429 mhtbhm the Slayer (level 13, -10/143 HPs)
             Began as a Minotaur Fighter on Apr 2, 2022.
             Was the Champion of Okawaru.
             Mangled by a jumping spider (16 damage)
             ... in the Dungeon (Sprint IX: "|||||||||||||||||||||||||||||").
             The game lasted 00:09:02 (5318 turns).

mhtbhm the Slayer (Minotaur Fighter)                Turns: 5318, Time: 00:09:03

Health: -10/143    AC:  4    Str: 28    XL:     13   Next: 20%
Magic:  0/24       EV:  9    Int:  8    God:    Okawaru [******]
Gold:   197        SH:  0    Dex: 12    Spells: 12/12 levels left

rFire   + . .      SeeInvis .   a - +2 halberd (protect)
rCold   + + .      Faith    .   (shield currently unavailable)
rNeg    . . .      Spirit   +   b - +4 gold dragon scales
rPois   +          Reflect  .   (helmet restricted)
rElec   .          Harm     .   r - +0 cloak
rCorr   .          Rampage  .   s - +0 pair of gloves
Will    +....      NoTele   +   q - +0 pair of boots
Stlth   ..........              u - amulet of guardian spirit
HPRegen 0.33/turn               k - ring of Ablyag {*Slow rC+ Will+ Str+4 Int+3}
MPRegen 0.19/turn               n - ring of poison resistance

@: corroded
A: horns 2, retaliatory headbutt
a: Renounce Religion, Heroism, Finesse


You were in the Dungeon.
You worshipped Okawaru.
Okawaru was exalted by your worship.
You visited 1 branch You collected 1924 gold pieces.
You spent 1727 gold pieces at shops.

Inventory:

Hand Weapons
 a - a +2 halberd of protection (weapon)
Missiles
 m - 2 curare-tipped darts (quivered)
Armour
 b - +4 gold dragon scales (worn)
 c - a +0 kite shield
 d - a +2 hat
 q - a +0 pair of boots (worn)
 r - a +0 cloak (worn)
 s - a +0 pair of gloves (worn)
Jewellery
 k - the ring of Ablyag (left hand) {*Slow rC+ Will+ Str+4 Int+3}
   (You bought it in a shop in the Dungeon)

   [ring of protection from cold]

   Str:       It affects your strength (+4).
   Int:       It affects your intelligence (+3).
   rC:        It protects you from cold.
   *Slow:     It may slow you when you take damage.
   Will:      It increases your willpower.
 n - a ring of poison resistance (right hand)
 t - a ring of resist corrosion
 u - an amulet of guardian spirit (around neck)
 v - a +6 ring of strength
 w - a ring of fire
Scrolls
 i - 2 scrolls of fog
 j - a scroll of blinking
 l - 2 scrolls of amnesia
 p - 3 scrolls of fear
 B - 2 scrolls of enchant weapon
Potions
 e - 6 potions of curing
 g - a potion of haste
 h - 5 potions of magic
 o - 3 potions of mutation
 z - 2 potions of heal wounds


   Skills:
 + Level 21.2 Fighting
 + Level 21.2 Polearms
 + Level 1.7 Throwing
 + Level 19.6 Armour
 + Level 7.0 Dodging
 + Level 10.1 Shields
 * Level 16.0 Invocations
 + Level 3.9 Evocations


You had 12 spell levels left.
You didn't know any spells.
Your spell library was empty.

Dungeon Overview and Level Annotations

Branches:
Dungeon (1/1)

Altars:
Cheibriados
Dithmenos
Elyvilon
Fedhas
Gozag
Hepliaklqana
Kikubaaqudgha
Makhleb
Nemelex Xobeh
Okawaru
Qazlal
Ru
Sif Muna
Trog
Uskayaw
Vehumet
Wu Jian
Xom
Yredelemnul
Zin
The Shining One
Beogh
Jiyva
Lugonu

Shops:
D [=(=


Innate Abilities, Weirdness & Mutations

You have a pair of horns on your head.
You reflexively headbutt those who attack you in melee.


Message History

The jumping spider barely misses you.
The entropy weaver hits you but does no damage.
The entropy weaver hits you. The entropy weaver hits you!
The entropy weaver closely misses you.
A steelbarb worm comes into view.
The entropy weaver hits you but does no damage.
The entropy weaver hits you. x2; The entropy weaver hits you!
* * * LOW HITPOINT WARNING * * *
The jumping spider pounces on you!
* * * LOW HITPOINT WARNING * * *
You are caught in a web!
The jumping spider bites you but does no damage.
The web tears apart.
The jumping spider closely misses you. The jumping spider bites you.
* * * LOW HITPOINT WARNING * * *
The entropy weaver hits you.
* * * LOW HITPOINT WARNING * * *
The entropy weaver closely misses you. The entropy weaver hits you.
* * * LOW HITPOINT WARNING * * *
The entropy weaver hits you but does no damage.
The jumping spider barely misses you. You furiously retaliate!
You headbutt the jumping spider, but do no damage.
The jumping spider barely misses you.
The demonic crawler shrieks in warning!
The entropy weaver hits you.
* * * LOW HITPOINT WARNING * * *
The entropy weaver hits you.
* * * LOW HITPOINT WARNING * * *
The entropy weaver hits you.
* * * LOW HITPOINT WARNING * * *
The entropy weaver hits you.
* * * LOW HITPOINT WARNING * * *
You hear a shout!
You hear a roar!
Unknown command.
Blink to where?
Press: ? - help, Dir - move target
As you read the scroll of blinking, it crumbles to dust.
You feel yourself speed up.
The jumping spider leaps!
The jumping spider pounces on you!
You die...

.▓.▓.▓)▓.▓.▓'▓.▓.▓
)▓.▓.▓)▓.▓.▓.▓.▓.▓
.▓.▓.▓)▓.▓.▓.▓.▓.▓
.▓.▓.▓.▓.▓.▓.▓.▓.▓
.▓.▓.▓.▓'▓.▓.▓.▓.▓
.▓.▓.▓.▓)▓.▓.▓.▓.▓
.▓.▓(▓.▓)▓.▓)▓.▓)▓
'▓.▓.▓.▓)▓.▓)▓.▓)▓
_▓.▓.▓.▓)▓)▓)▓.▓@▓
_▓.▓.▓.▓)▓.▓)▓.▓s▓
_▓.▓.▓.▓.▓.▓)▓.▓.▓
_▓.▓=▓.▓.▓.▓)▓.▓.▓
_▓.▓'▓.▓.▓.▓)▓.▓.▓
_▓.▓.▓.▓.▓.▓)▓.▓.▓
_▓.▓÷▓.▓.▓.▓.▓.▓○▓
_▓.▓.▓.▓.▓.▓[▓.▓B▓
_▓.▓.▓.▓)▓.▓[▓.▓†▓


You could see an entropy weaver and a jumping spider.

Vanquished Creatures
  Rupert (D)
  A fire giant (D)
  A very ugly thing (D)
  A stone giant (D)
  2 ettins (D)
  Josephine (D)
  Erolcha (D)
  A hydra (D)
  2 centaur warriors (D)
  3 boulder beetles (D)
  An anaconda (D)
  Erica (D)
  A two-headed ogre (D)
  A vampire mage (D)
  3 orc high priests (D)
  Sonja (D)
  A salamander mystic (D)
  A steelbarb worm (D)
  6 orc knights (D)
  A deep elf pyromancer (D)
  A mana viper (D)
  A cyclops (D)
  4 orc sorcerers (D)
  A salamander (D)
  An elephant (D)
  Joseph (D)
  A naga mage (D)
  3 black mambas (D)
  2 cane toads (D)
  A komodo dragon (D)
  2 freezing wraiths (D)
  A tengu conjurer (D)
  A troll (D)
  A tarantella (D)
  A slime creature (D)
  5 wraiths (D)
  2 wyverns (D)
  2 basilisks (D)
  A steam dragon (D)
  A vampire mosquito (D)
  2 wargs (D)
  A naga (D)
  3 water moccasins (D)
  3 hell hounds (D)
  8 orc warriors (D)
  A black bear (D)
  4 wolves (D)
  3 bullfrogs (D)
  A gnoll sergeant (D)
  2 killer bees (D)
  An orc priest (D)
  2 iguanas (D)
  An orc wizard (D)
  An adder (D)
  A shadow imp (D)
  16 orcs (D)
  An endoplasm (D)
  A giant cockroach (D)
  A hobgoblin (D)
  A bat (D)
  A rat (D)
119 creatures vanquished.

Vanquished Creatures (others)
  A hydra (D)
  A centaur warrior (D)
  A troll (D)
  An orc (D)
4 creatures vanquished.

Grand Total: 123 creatures vanquished

Notes
Turn   | Place    | Note
-------+----------+-------------------------------------------
     0 | D        | mhtbhm the Minotaur Fighter began the quest for the Orb.
     0 | D        | Reached XP level 1. HP: 19/19 MP: 0/0
    19 | D        | Noticed an iguana
    19 | D        | Noticed an iguana
    24 | D        | Reached XP level 2. HP: 22/28 MP: 1/1
    32 | D        | Reached skill level 5 in Fighting
    32 | D        | Reached skill level 5 in Armour
    32 | D        | Reached skill level 5 in Shields
    32 | D        | Reached XP level 3. HP: 10/36 MP: 2/2
    32 | D        | HP: 1/36 [iguana (10)]
    40 | D        | Reached XP level 4. HP: 33/44 MP: 3/3
   123 | D        | Found a snail-covered altar of Cheibriados.
   123 | D        | Found a shadowy altar of Dithmenos.
   123 | D        | Found a white marble altar of Elyvilon.
   123 | D        | Found a blossoming altar of Fedhas.
   123 | D        | Found an opulent altar of Gozag.
   124 | D        | Found a hazy altar of Hepliaklqana.
   125 | D        | Found a viscous altar of Jiyva.
   126 | D        | Found an ancient bone altar of Kikubaaqudgha.
   127 | D        | Found a corrupted altar of Lugonu.
   128 | D        | Found a burning altar of Makhleb.
   129 | D        | Found a sparkling altar of Nemelex Xobeh.
   130 | D        | Found an iron altar of Okawaru.
   131 | D        | Found a stormy altar of Qazlal.
   132 | D        | Found a sacrificial altar of Ru.
   133 | D        | Found a shimmering blue altar of Sif Muna.
   134 | D        | Found a bloodstained altar of Trog.
   135 | D        | Found a hide-covered altar of Uskayaw.
   136 | D        | Found a radiant altar of Vehumet.
   137 | D        | Found an ornate altar of the Wu Jian Council.
   138 | D        | Became a worshipper of Warmaster Okawaru
   139 | D        | Found a shimmering altar of Xom.
   140 | D        | Found a basalt altar of Yredelemnul.
   141 | D        | Found a glowing silver altar of Zin.
   142 | D        | Found a glowing golden altar of the Shining One.
   188 | D        | Noticed a wyvern
   188 | D        | Noticed a two-headed ogre
   188 | D        | Noticed a gnoll sergeant
   188 | D        | Noticed a troll
   193 | D        | Killed a wyvern
   194 | D        | Reached skill level 1 in Dodging
   194 | D        | Reached XP level 5. HP: 53/53 MP: 3/6
   199 | D        | Killed a two-headed ogre
   199 | D        | Reached * piety under Okawaru
   199 | D        | Reached ** piety under Okawaru
   199 | D        | Reached *** piety under Okawaru
   200 | D        | Reached skill level 10 in Armour
   200 | D        | Reached XP level 6. HP: 17/66 MP: 3/9
   200 | D        | Reached XP level 7. HP: 18/71 MP: 3/10
   208 | D        | Reached skill level 10 in Fighting
   208 | D        | Reached skill level 10 in Polearms
   210 | D        | Killed a troll
   210 | D        | Reached **** piety under Okawaru
   211 | D        | Reached XP level 8. HP: 5/80 MP: 4/12
   403 | D        | Noticed a slime creature
   403 | D        | Noticed a six-headed hydra
   403 | D        | Noticed a troll
   403 | D        | Noticed a centaur warrior
   403 | D        | Noticed a centaur warrior
   439 | D        | Killed a slime creature
   442 | D        | Killed a troll
   444 | D        | Killed a nine-headed hydra
   445 | D        | Reached skill level 1 in Evocations
   445 | D        | Reached XP level 9. HP: 52/89 MP: 12/14
   447 | D        | Killed a centaur warrior
   451 | D        | Killed a centaur warrior
   451 | D        | Reached ***** piety under Okawaru
   452 | D        | Reached skill level 10 in Shields
   661 | D        | Noticed a komodo dragon
   661 | D        | Noticed a cane toad
   664 | D        | Killed a komodo dragon
   669 | D        | Noticed a cane toad
   675 | D        | Reached skill level 5 in Dodging
   678 | D        | Killed a cane toad
   679 | D        | Reached skill level 10 in Invocations
   684 | D        | Reached XP level 10. HP: 60/99 MP: 16/16
   690 | D        | Reached skill level 15 in Polearms
   698 | D        | Killed a cane toad
  1034 | D        | Noticed a boulder beetle
  1034 | D        | Noticed a seven-headed hydra
  1042 | D        | Noticed an elephant
  1054 | D        | Killed a boulder beetle
  1324 | D        | Killed a 15-headed hydra
  1324 | D        | Reached ****** piety under Okawaru
  1700 | D        | Killed an elephant
  1798 | D        | Identified the +10 triple crossbow "Sarcophage" {penet,
                  | rElec rF- Int+3 Dex+3} (Okawaru gifted it to you in the
                  | Dungeon)
  1798 | D        | Received a gift from Okawaru
  1980 | D        | Noticed Erica
  1989 | D        | Killed Erica
  1990 | D        | Reached XP level 11. HP: 111/111 MP: 18/18
  2020 | D        | Noticed Sonja
  2025 | D        | Killed Sonja
  2026 | D        | Reached skill level 15 in Armour
  2104 | D        | Noticed an orc knight
  2115 | D        | Killed an orc knight
  2116 | D        | Reached skill level 15 in Fighting
  2134 | D        | Noticed an orc knight
  2177 | D        | Killed an orc knight
  2362 | D        | Noticed an orc knight
  2369 | D        | Killed an orc knight
  2399 | D        | Noticed an orc knight
  2482 | D        | Killed an orc knight
  2849 | D        | Found Vyt Cemi's Antique Armour Emporium.
  2849 | D        | Noticed an orc high priest
  2849 | D        | Noticed an orc high priest
  2849 | D        | Noticed an orc sorcerer
  2854 | D        | Noticed a soul eater
  2854 | D        | Noticed an orc sorcerer
  2855 | D        | Killed an orc high priest
  2868 | D        | Killed an orc high priest
  2871 | D        | Killed an orc sorcerer
  2873 | D        | Found Xiudd's Jewellery Shoppe.
  2876 | D        | Killed an orc sorcerer
  2970 | D        | Found Edataq's Antique Weapon Emporium.
  2972 | D        | Noticed an orc knight
  2973 | D        | Found Jagonur's Jewellery Shoppe.
  2975 | D        | Noticed an orc high priest
  2976 | D        | Noticed an orc sorcerer
  2977 | D        | Noticed an orc sorcerer
  2988 | D        | Killed an orc knight
  2989 | D        | Noticed a sun demon
  3010 | D        | Killed an orc high priest
  3011 | D        | Noticed a sun demon
  3027 | D        | Killed an orc sorcerer
  3033 | D        | Noticed a sun demon
  3033 | D        | Killed an orc sorcerer
  3033 | D        | Identified the +10 hand crossbow "Jutuj" {venom, rC+ rN+
                  | Str+2} (Okawaru gifted it to you in the Dungeon)
  3033 | D        | Received a gift from Okawaru
  3155 | D        | Bought an embroidered hat for 140 gold pieces
  3163 | D        | Bought the ring of Ablyag {*Slow rC+ Will+ Str+4 Int+3} for
                  | 607 gold pieces
  3182 | D        | Bought a ring of poison resistance for 280 gold pieces
  3184 | D        | Bought a ring of resist corrosion for 280 gold pieces
  3184 | D        | Bought an amulet of guardian spirit for 420 gold pieces
  3413 | D        | Noticed Josephine
  3428 | D        | Killed Josephine
  3429 | D        | Reached XP level 12. HP: 116/125 MP: 18/21
  3455 | D        | Noticed Joseph
  3464 | D        | Killed Joseph
  3485 | D        | Noticed Erolcha
  3493 | D        | Killed Erolcha
  3797 | D        | Noticed a boulder beetle
  3797 | D        | Noticed a boulder beetle
  3906 | D        | Noticed a stone giant
  3916 | D        | Noticed a centaur warrior
  3921 | D        | Killed a boulder beetle
  3937 | D        | Killed a stone giant
  4399 | D        | Killed a centaur warrior
  4463 | D        | Killed a boulder beetle
  4463 | D        | Identified the +1 robe "Luritu Okes" {Will++ Str-3}
                  | (Okawaru gifted it to you in the Dungeon)
  4463 | D        | Received a gift from Okawaru
  4524 | D        | Noticed an ettin
  4525 | D        | Noticed an ettin
  4533 | D        | Killed an ettin
  4534 | D        | Reached skill level 1 in Throwing
  4539 | D        | Killed an ettin
  4541 | D        | Noticed a purple very ugly thing
  4583 | D        | Killed a purple very ugly thing
  4584 | D        | Reached skill level 15 in Invocations
  4835 | D        | Noticed a vampire mage
  4849 | D        | Killed a vampire mage
  4873 | D        | Noticed a fire giant
  4884 | D        | Killed a fire giant
  4937 | D        | Noticed Rupert
  4951 | D        | Killed Rupert
  5127 | D        | Reached XP level 13. HP: 141/141 MP: 23/23
  5287 | D        | Noticed an entropy weaver
  5317 | D        | HP: 5/143 [entropy weaver (4)]
  5318 | D        | Mangled by a jumping spider

Illustrated notes

Levels and vault maps discovered:
D:        linesprint [early_d, line_temple, items_1, d_10, items_2, lair_1,
          lair_end, items_3, orc_1, orc_end, items_4, d_15, swamp_1, shoals_1,
          snake_1, spider_1, d_20, vaults_1, items_5, swamp_end, shoals_end,
          snake_end, spider_end, vaults_end, d_27, items_6, zot_1, zot_end,
          crypt_end, forest_end, elf_end, slime_end, tomb_end, abyss_end,
          pan_hell_end]

Skill      XL: |  1  2  3  4  5  6  7  8  9 10 11 12 13 |
---------------+----------------------------------------+-----
Fighting       | 4 5 6 7 9 10 11 12 14 17 20 21 | 21.2
Armour         | 4 5 6 7 10 11 13 14 16 19 | 19.6
Shields        | 4 5 6 7 9 10 | 10.1
Polearms       | 3 4 6 9 10 12 14 17 18 20 21 | 21.2
Dodging        | 1 2 3 4 5 6 7 |  7.0
Invocations    | 3 6 7 8 10 11 13 15 16 | 16.0
Evocations     | 1 3 |  3.9
Throwing       | 1 |  1.7

Action                   |  1- 3 |  4- 6 |  7- 9 | 10-12 | 13-15 || total
-------------------------+-------+-------+-------+-------+-------++-------
Melee: Trident           |    28 |       |       |       |       ||    28
       Headbutt          |     7 |     1 |     9 |   102 |    14 ||   133
       Halberd           |       |     9 |    43 |   434 |    68 ||   554
Throw: Dart              |       |       |       |     3 |       ||     3
Invok: Heroism           |       |       |       |     2 |       ||     2
Evoke: Wand              |       |     1 |     2 |     7 |       ||    10
  Use: Potion            |     1 |     1 |     4 |     8 |       ||    14
       Scroll            |       |       |       |     7 |     1 ||     8
 Stab: Invisible         |       |       |     1 |       |       ||     1
Armor: Scale mail        |     5 |       |       |       |       ||     5
       Chain mail        |       |     7 |    29 |   105 |       ||   141
       Plate armour      |       |       |       |    52 |       ||    52
       Gold dragon scale |       |       |       |    73 |    64 ||   137
Dodge: Dodged            |    10 |     5 |    34 |   154 |    29 ||   232
Block: Buckler           |     5 |       |       |       |       ||     5

Table legend: (Time is in decaauts)
 A = Elapsed time spent in this place.
 B = Non-inter-level travel time spent in this place.
 C = Inter-level travel time spent in this place.
 D = Time resting spent in this place.
 E = Time spent auto-exploring this place.
 F = Levels seen in this place.
 G = Mean time per level.
                   A        B        C        D        E       F      G
               +--------+--------+--------+--------+--------+-----+--------+
         Total |   5203 |   5203 |      0 |   2649 |    875 |   1 | 5203.0 |
       Dungeon |   5203 |   5203 |      0 |   2649 |    875 |   1 | 5203.0 |
               +--------+--------+--------+--------+--------+-----+--------+

Top non-repeatable levels by time:
       D: 5203 daAuts
